 Dungeon Crawl Stone Soup version 0.17.2 (webtiles) character file.

256 ololoev the Slasher (level 5, -1/41 HPs)
             Began as a Mummy Chaos Knight on June 28, 2016.
             Slain by Grinder (10 damage)
             ... on level 3 of the Dungeon.
             The game lasted 00:03:47 (2121 turns).

ololoev the Slasher (Mummy Chaos Knight)            Turns: 2121, Time: 00:03:48

Health: -1/41      AC:  5    Str: 16    XL:     5   Next: 92%
Magic:  5/5        EV: 11    Int: 11    God:    Xom [..*...]
Gold:   142        SH:  0    Dex: 12    Spells: 0 memorised, 4 levels left

rFire  x . .     SeeInvis .     a - +0 falchion (chaos)
rCold  + . .     Clarity  .     b - +2 leather armour
rNeg   + + +     SustAt   +     (no shield)
rPois  ∞         Gourm    .     (no helmet)
rElec  .         Spirit   .     (no cloak)
rCorr  .         Warding  .     (no gloves)
rMut   +         Stasis   .     (no boots)
MR     .....                    e - amulet of resist mutation
Stlth  +.........               (no ring)
                                d - ring of sustain attributes

@: not resistant to hostile enchantments, very unstealthy
A: no food or potions, fire vulnerability, cold resistance 1, negative energy
resistance 3, torment resistance, unbreathing
a: Renounce Religion


Innate Abilities, Weirdness & Mutations

You do not eat or drink.
Your flesh is vulnerable to fire.
You are immune to poison.
Your flesh is cold resistant.
You are immune to negative energy.
You are immune to unholy pain and torment.
You can survive without breathing.

Inventory:

Hand Weapons
 a - a +0 falchion of chaos (weapon)
Armour
 b - a +2 leather armour (worn)
Jewellery
 d - a ring of sustain attributes (left hand)
 e - an amulet of resist mutation (around neck)
Scrolls
 c - 4 scrolls of identify {unknown}
 f - a scroll of recharging {unknown}
 g - a scroll of enchant weapon {unknown}
 h - a scroll of random uselessness {unknown}
 i - 3 scrolls of noise {unknown}


   Skills:
 - Level 3.0 Fighting
 * Level 4.7 Long Blades
 + Level 3.2 Armour
 - Level 0.7 Dodging


You had 4 spell levels left.
You didn't know any spells.


You were on level 3 of the Dungeon.
You worshipped Xom.
You were a toy of Xom.
You were not hungry.

You visited 1 branch of the dungeon, and saw 3 of its levels.

You collected 142 gold pieces.

###.#################
...5...............#
#####.######.##.#####.##
.......@5...............
.#
#####.######.##.########
#.##.# # #.##..# ,
#.##.# #.###.# , #.##.#
#.# #.# *,, #....#+###
#.# #.## .........# #.#
#..# * .........# #.#
##.## .........# * *
#..#

Notes
Turn   | Place    | Note
--------------------------------------------------------------
     0 | D:1      | ololoev the Mummy Chaos Knight began the quest for the Orb.
     0 | D:1      | Reached XP level 1. HP: 18/18 MP: 1/1
   203 | D:1      | Reached XP level 2. HP: 24/24 MP: 2/2
   694 | D:1      | XOM: smoke on damage
  1062 | D:1      | XOM: polymorph hobgoblin -> quokka
  1098 | D:1      | Reached XP level 3. HP: 27/29 MP: 3/3
  1141 | D:2      | Noticed Sigmund
  1147 | D:2      | XOM: potion effect (haste)
  1157 | D:2      | XOM: noise
  1159 | D:2      | XOM: potion effect (heal wounds)
  1163 | D:2      | Killed Sigmund
  1163 | D:2      | Reached skill level 4 in Long Blades
  1163 | D:2      | Reached XP level 4. HP: 35/35 MP: 4/4
  1163 | D:2      | Reached XP level 5. HP: 41/41 MP: 5/5
  1268 | D:2      | XOM: colour smoke trail
  1374 | D:2      | XOM: silly message
  1441 | D:2      | Found a white marble altar of Elyvilon.
  1518 | D:2      | XOM: harmless Chrm miscast
  1719 | D:3      | XOM: colour smoke trail
  1966 | D:3      | XOM: harmless Conj miscast
  2052 | D:3      | Noticed Grinder
  2052 | D:3      | XOM: mild Tloc miscast
  2068 | D:3      | XOM: divination: magic mapping
  2094 | D:3      | XOM: harmless Divn miscast
  2100 | D:3      | XOM: confuse monster(s)
  2121 | D:3      | Slain by Grinder

Dungeon Overview and Level Annotations

Branches:
Dungeon (3/15)

Altars:
Elyvilon

Annotations:
D:3 Grinder


Message History

You hit Grinder.
Grinder is moderately wounded.
Grinder misses you. Grinder hits you.
You closely miss Grinder.
Grinder is moderately wounded.
Grinder misses you.
You slash Grinder!
Grinder is heavily wounded.
Xom titters.
Grinder looks rather confused.
Grinder hits you. Grinder hits you.
You barely miss Grinder.
Grinder is heavily wounded.
You hit Grinder.
Grinder is severely wounded.
Xom thinks this is hilarious!
Grinder completely misses himself.
You hit Grinder.
Grinder is severely wounded.
You hit Grinder.
Grinder is almost dead.
Grinder seems less confused.
Grinder hits you but does no damage. Grinder gestures at you.
You are unaffected.
You closely miss Grinder.
Grinder is almost dead.
Grinder hits you.
You hit Grinder.
Grinder is almost dead.
Grinder gestures at you.
You struggle to resist.
Grinder hits you.
You hit Grinder but do no damage.
Grinder is almost dead.
Grinder gestures.
Grinder blinks!
You start resting.
You hit Grinder but do no damage.
Grinder is almost dead.
Grinder hits you!
You die...
Xom laughs nastily!

You could see Grinder.

Vanquished Creatures
  Sigmund (D:2)
  An orc wizard (D:3)
  2 oozes (D:2)
  2 worms
  3 orcs (D:3)
  4 ball pythons
  4 giant cockroaches
  8 goblins
  7 hobgoblins
  2 jackals (D:3)
  8 kobolds
  A quokka (D:1)
  2 giant newts (D:1)
  13 rats
58 creatures vanquished.

Action                   |  1- 3 |  4- 6 || total
-------------------------+-------+-------++-------
Melee: Falchion          |   104 |   124 ||   228
 Stab: Petrifying        |     1 |       ||     1
       Petrified         |       |     2 ||     2

Vault maps used:
D:1:      roderic_chinese_lattice_arrival
D:2:      elyvilon_altar_5, first_bread, minivault_19, uniq_sigmund
D:3:      nicolae_overflow_hidden_temple, old_standard_altar, uniq_grinder
